[Event "*** Titled Tuesday Blitz"]
[Site "Chess.com"]
[Date "2020.11.10"]
[Round "8"]
[White "PriSachu"]
[Black "ShcufNaiRolf"]
[Result "1-0"]
[WhiteElo "2510"]
[BlackElo "2332"]
[TimeControl "180+1"]
[EndTime "11:32:45 PST"]
[Termination "PriSachu won by checkmate"]

1. e4 e5 2. Nf3 Nc6 3. Bb5 a6 4. Ba4 Nf6 5. O-O Be7 6. Re1 b5 7. Bb3 d6 8. c3 O-O 9. h3 Nb8 10. d4 Nbd7 11. Nbd2 Bb7 12. Bc2 Re8 13. Nf1 Bf8 14.
Ng3 g6 15. Bg5 h6 16. Be3 exd4 17. Bxd4 c5 18. Bxf6 Qxf6 19. Qd2 Ne5 20. Nxe5 dxe5 21. a4 b4 22. a5 Red8 23. Qe2 Bc6 24. Bd3 Be8 25.
Nf1 Qc6 26. Ne3 Qb7 27. Nd5 Bc6 28. Bc4 Rab8 29. Bxa6 Qa7 30. Bc4 bxc3 31. bxc3 Bg7 32. a6 h5 33. Reb1 Bxd5 34. Bxd5 Rxb1+ 35. Rxb1 Rb8 36. Rb7 Rxb7 37. axb7 Qb6 38. Qa2 Kh7 39. Bxf7 Bh6 40. Qe6 Qb1+ 41. Kh2 Bf4+ 42. g3 Bxg3+ 43. Kxg3 Qg1+ 44. Kf3 Qh1+ 45. Ke2 Qxe4+ 46. Kd2 Qf4+ 47. Kd3 Qf3+ 48. Kc4 Qxb7 49. Qxg6+ Kh8 50. Qh6# 1-0

[Event "*** Titled Tuesday Blitz"]
[Site "Chess.com"]
[Date "2020.11.10"]
[Round "8"]
[White "FMOlexandrProhorov"]
[Black "Skat2704"]
[Result "1-0"]
[WhiteElo "2159"]
[BlackElo "2394"]
[TimeControl "180+1"]
[EndTime "11:32:46 PST"]
[Termination "FMOlexandrProhorov won by resignation"]

1. e4 c6 2. d4 d5 3. Nc3 dxe4 4. Nxe4 Nf6 5. Nxf6+ exf6 6. Ne2 Bd6 7. Ng3 Qc7 8. Be2 O-O 9. Be3 Re8 10. Qd2 c5 11.
O-O-O cxd4 12. Qxd4 Be5 13. Qc4 Nc6 14. Bd3 Be6 15.
Qh4 g6 16. Ne4 Bxa2 17. Nxf6+ Bxf6 18. Qxf6 Re6 19. Qc3 Qe7 20. Bh6 Qf6 21. Qxf6 Rxf6 22. b3 a5 23. Kb2 a4 24. Kxa2 axb3+ 25. Kxb3 Nd4+ 26. Kc3 Rd6 27. Bf4 Rc8+ 28. Kd2 Rdc6 29. Rc1 Ne6 30. Be3 Rd6 31. Ke2 Rcd8 32. g3 h5 33. h4 Nf8 34. Rhd1 Nd7 35. Be4 Re6 36.
Bxb7 1-0

[Event "*** Titled Tuesday Blitz"]
[Site "Chess.com"]
[Date "2020.11.10"]
[Round "8"]
[White "louis198"]
[Black "CM_rui"]
[Result "1-0"]
[WhiteElo "2572"]
[BlackElo "2400"]
[TimeControl "180+1"]
[EndTime "11:32:47 PST"]
[Termination "louis198 won on time"]

1. d4 Nf6 2. Nf3 e6 3. Bf4 d5 4.
e3 c5 5. c3 Bd6 6. Bg3 Nc6 7. Nbd2 O-O 8. Bd3 c4 9. Bc2 b5 10. O-O a5 11. a3 Bxg3 12. hxg3 Rb8 13. e4 dxe4 14. Nxe4 Nd5 15. Re1 h6 16. Nc5 b4 17. axb4 axb4 18. Qd2 Qf6 19. Ne5 Nxe5 20. Rxe5 Rb5 21. Ne4 Qe7 22. Nc5 Rd8 23. Rae1 Nxc3 24. bxc3 Rxc5 25. cxb4 Rxe5 26. Rxe5 Qd6 27. Rc5 Ba6 28.
Ra5 Qb6 29. Qc3 Bb7 30. Rc5 Bd5 31. Bd1 Ra8 32. Bf3 Qb7 33. Rxc4 Bxf3 34. gxf3 Ra2 35. Qd3 Qd5 36. Rc8+ 1-0

[Event "*** Titled Tuesday Blitz"]
[Site "Chess.com"]
[Date "2020.11.10"]
[Round "8"]
[White "DarZay"]
[Black "rugbyclub"]
[Result "0-1"]
[WhiteElo "2049"]
[BlackElo "2200"]
[TimeControl "180+1"]
[EndTime "11:32:47 PST"]
[Termination "rugbyclub won by resignation"]

1. e4 e6 2. d4 d5 3. Nc3 Bb4 4. exd5 exd5 5. Bd2 Nc6 6. Nf3 Nge7 7. Bd3 O-O 8. O-O h6 9. a3 Bd6 10. Re1 Be6 11.
Be3 Bg4 12. h3 Bh5 13. Be2 Re8 14. Nh2 Bxe2 15. Qxe2 Nxd4 16. Bxd4 Nf5 17. Qg4 Nxd4 18. Qxd4 c6 19. Nf3 Qc7 20. Rxe8+ Rxe8 21. Re1 Rxe1+ 22. Nxe1 a5 23. Qe3 Be5 24. Nf3 Bf6 25.
Qe8+ Kh7 26. Qe2 b5 27. Qd3+ g6 28. b3 Qf4 29. Ne2 Qc7 30. Qe3 Qd6 31. a4 bxa4 32. bxa4 Qb4 33. Qa7 Kg7 34. Ned4 Qxa4 35. Ne6+ Kg8 36.
Qb8+ Kh7 37. Qf8 Qa1+ 38. Kh2 fxe6 39. Qf7+ Bg7 40. Qxe6 Qc3 41. Nh4 Qe5+ 42. Qxe5 Bxe5+ 43. g3 a4 44. Nf3 Bf6 45. Nd2 a3 0-1

[Event "*** Titled Tuesday Blitz"]
[Site "Chess.com"]
[Date "2020.11.10"]
[Round "8"]
[White "Borsuk_Konstantin"]
[Black "maxip32"]
[Result "0-1"]
[WhiteElo "2601"]
[BlackElo "2441"]
[TimeControl "180+1"]
[EndTime "11:32:48 PST"]
[Termination "maxip32 won by resignation"]

1. d4 Nf6 2. c4 g6 3. Nc3 Bg7 4. e4 d6 5. f3 O-O 6. Be3 Nc6 7. Nge2 a6 8. Qd2 Na5 9. Nf4 b5 10. cxb5 axb5 11. Bxb5 Nb3 12. Qd1 Nxa1 13. Qxa1 Ba6 14.
Bc6 Rb8 15. Kf2 e5 16. dxe5 dxe5 17. Rd1 exf4 18. Rxd8 fxe3+ 19. Kxe3 Rfxd8 20. e5 Rd3+ 21. Kf2 Nh5 22. g4 Nf4 23. Be4 Rdd8 24. Qc1 Bxe5 25. b3 g5 26. Qc2 Bd3 27. Bxd3 Rxd3 28. Ne4 Rbd8 29. Qc6 f6 30. Nxf6+ Bxf6 31. Qxf6 Rd2+ 32. Ke1 Rd1+ 0-1

[Event "*** Titled Tuesday Blitz"]
[Site "Chess.com"]
[Date "2020.11.10"]
[Round "8"]
[White "Nemsko"]
[Black "Shushik"]
[Result "1/2-1/2"]
[WhiteElo "2355"]
[BlackElo "2242"]
[TimeControl "180+1"]
[EndTime "11:32:48 PST"]
[Termination "Game drawn by agreement"]

1. e4 e5 2. Nf3 Nc6 3. Bb5 Nf6 4. d3 d6 5. h3 a6 6. Ba4 g6 7. c3 Bg7 8. O-O O-O 9. Be3 b5 10.
Bc2 d5 11. Qe2 Qe7 12. Nbd2 dxe4 13. dxe4 Be6 14. Ng5 Rfd8 15. Nxe6 Qxe6 16. Bb3 Qe7 17. f3 Rd7 18. Rad1 Rad8 19. Qf2 Na5 20. Bc2 Nb7 21. Nb3 Rxd1 22. Rxd1 Rxd1+ 23. Bxd1 Qd6 24. Bc2 h6 25. Nc5 Nxc5 26. Bxc5 Qe6 27. Bb3 Qd7 28. Qe2 Nh5 29. Be3 Nf4 30. Qd2 Qxd2 31. Bxd2 Nd3 32.
c4 Nxb2 33. cxb5 axb5 34. Bc3 Nd3 35. a4 Nc5 36. Bd5 Nxa4 37. Ba5 c5 38. Bc6 c4 39. Bxb5 Nb2 1/2-1/2

[Event "*** Titled Tuesday Blitz"]
[Site "Chess.com"]
[Date "2020.11.10"]
[Round "8"]
[White "BocharovD"]
[Black "GalperinPlaton"]
[Result "1-0"]
[WhiteElo "2785"]
[BlackElo "2877"]
[TimeControl "180+1"]
[EndTime "11:32:50 PST"]
[Termination "BocharovD won by resignation"]

1. c4 c5 2. g3 g6 3. Bg2 Bg7 4. Nc3 Nc6 5. d3 Nf6 6. Nh3 e6 7. Nf4 O-O 8. O-O b6 9. Qd2 Bb7 10. b3 d5 11. cxd5 exd5 12. Bb2 d4 13. Ne4 Nxe4 14.
Bxe4 Qd7 15. a3 a5 16. Nd5 Ne5 17. Nxb6 Qh3 18. f3 Bh6 19. Qc2 Be3+ 20. Kh1 Bxe4 21. dxe4 Rae8 22. Nd5 f5 23. Nxe3 f4 24. gxf4 Rxf4 25.
Ng2 Ref8 26. Nxf4 Rxf4 27. Qxc5 Ng4 28. Qd5+ Kg7 29. Qxd4+ Kh6 30. Qg1 Nf6 31. Qg3 1-0

[Event "*** Titled Tuesday Blitz"]
[Site "Chess.com"]
[Date "2020.11.10"]
[Round "8"]
[White "AlexSuv"]
[Black "LiamVrolijk"]
[Result "0-1"]
[WhiteElo "2586"]
[BlackElo "2809"]
[TimeControl "180+1"]
[EndTime "11:32:52 PST"]
[Termination "LiamVrolijk won by resignation"]

1. d4 g6 2. c4 Nf6 3. Nc3 d5 4. Nf3 Bg7 5. Qb3 dxc4 6. Qxc4 Be6 7. Qa4+ Bd7 8. Qb3 O-O 9. Bg5 c5 10. e3 Nc6 11. Rd1 Qa5 12. Be2 cxd4 13. exd4 Ne4 14. Be3 Be6 15. Bc4 Bxc4 16. Qxc4 Rac8 17. Qb3 Nxc3 18.
bxc3 Qa6 19. Qb2 Na5 20. Rc1 Nc4 21. Qe2 Qe6 22. O-O Qd5 23. Rfe1 b5 24. Bg5 e6 25. Be7 Rfe8 26. Bc5 a5 27. Qe4 Qxe4 28. Rxe4 Bf8 29. Bxf8 Kxf8 30. Ne5 Nd6 31. Ree1 Rc7 32. Rc2 Rec8 33. Rec1 Kg7 34. f3 b4 35. c4 f6 36. Nd3 Rxc4 37. Nc5 Rxc2 38. Rxc2 Kf7 39. Re2 Nb5 40. Nxe6 Nc3 41. Re1 Re8 0-1

[Event "*** Titled Tuesday Blitz"]
[Site "Chess.com"]
[Date "2020.11.10"]
[Round "8"]
[White "ChronicUnhappiness"]
[Black "hypert"]
[Result "0-1"]
[WhiteElo "2334"]
[BlackElo "2481"]
[TimeControl "180+1"]
[EndTime "11:32:52 PST"]
[Termination "hypert won on time"]

1. c4 e5 2. Nc3 c6 3. Nf3 d6 4. d4 Nd7 5. e4 Ngf6 6. Be2 Be7 7. O-O O-O 8. h3 a6 9. Qc2 b5 10. a3 Re8 11. Rd1 Qc7 12. cxb5 cxb5 13. Be3 Bb7 14.
Rac1 Rac8 15. Qb1 Qb8 16. dxe5 dxe5 17. Nd5 Bxd5 18. Rxc8 Rxc8 19. exd5 Bc5 20. Bg5 Qb6 21. Bh4 e4 22. Ng5 e3 23. f4 b4 24. Ne4 Nxe4 25.
Qxe4 bxa3 26. bxa3 Nf6 27. Qd3 Qd6 28. Bg3 Bxa3 29.
Qxa6 Qxa6 30. Bxa6 Rd8 31. Bc4 Ne4 32. Be1 Bc5 33. Kf1 Kf8 34. Ke2 Nd6 35. Bb3 Nf5 36. Rd3 Rb8 0-1

[Event "*** Titled Tuesday Blitz"]
[Site "Chess.com"]
[Date "2020.11.10"]
[Round "8"]
[White "Crazy_girl99"]
[Black "chessmachine14"]
[Result "1-0"]
[WhiteElo "2494"]
[BlackElo "2289"]
[TimeControl "180+1"]
[EndTime "11:32:53 PST"]
[Termination "Crazy_girl99 won by checkmate"]

1. e4 c5 2. Nf3 e6 3. d4 cxd4 4.
Nxd4 Nf6 5. Nc3 d6 6. Bg5 Be7 7.
Qd2 Nc6 8. h4 Qb6 9. Nb3 h6 10.
Be3 Qc7 11. O-O-O a6 12. Be2 Bd7 13. f4 Rc8 14. Bf3 e5 15. Kb1 Be6 16. f5 Bc4 17. g4 b5 18. g5 b4 19. gxf6 bxc3 20.
fxg7 Rg8 21. Qxc3 Bxb3 22. axb3 Rxg7 23. Rhg1 Rxg1 24. Rxg1 Nd4 25. Qxc7 Rxc7 26. Bd1 Bxh4 27. Bxh6 Ke7 28. Rg8 Ra7 29. c3 Nc6 30. b4 Bf6 31. Ba4 Nd8 32. Bf8# 1-0

[Event "*** Titled Tuesday Blitz"]
[Site "Chess.com"]
[Date "2020.11.10"]
[Round "8"]
[White "kuli4ik"]
[Black "Mazetovic"]
[Result "1-0"]
[WhiteElo "2868"]
[BlackElo "2752"]
[TimeControl "180+1"]
[EndTime "11:32:54 PST"]
[Termination "kuli4ik won by resignation"]

1. d4 Nf6 2. Bg5 d5 3. Nf3 c5 4.
dxc5 Ne4 5. Be3 Nc6 6. c4 Qa5+ 7. Nbd2 dxc4 8. Rc1 c3 9. bxc3 Nxd2 10. Qxd2 e5 11. Ng5 Bf5 12. g4 Rd8 13. Qb2 Bc8 14. Qb3 Rd7 15. Ne4 h5 16. g5 Be7 17.
Bh3 Rd8 18. Bxc8 Rxc8 19. g6 fxg6 20. O-O Nd8 21. Rcd1 Rc6 22. Rd3 Qc7 23. Rfd1 Qc8 24. f3 Qe6 25. Nd6+ Bxd6 26. cxd6 Qxb3 27. axb3 Kd7 28.
Bxa7 Ne6 29. Be3 Ra8 30. c4 Ra2 31. Kf1 Rca6 32. Rd5 Rb2 33. Rb5 Raa2 34. Rxb7+ Kc8 35. Re7 Nd8 36. d7+ Kc7 37. Rxe5 Nc6 38. Re8 Rxe2 39.
Bf4+ Kb7 40. Rxe2 1-0

[Event "*** Titled Tuesday Blitz"]
[Site "Chess.com"]
[Date "2020.11.10"]
[Round "8"]
[White "tteshan"]
[Black "Lupul_Cenusiu"]
[Result "0-1"]
[WhiteElo "2361"]
[BlackElo "2539"]
[TimeControl "180+1"]
[EndTime "11:32:55 PST"]
[Termination "Lupul_Cenusiu won by checkmate"]

1. d4 d5 2. c4 c6 3. Nc3 Nf6 4. e3 g6 5. Nf3 Bg7 6. Bd3 O-O 7.
O-O a6 8. Qe2 b5 9. c5 Bg4 10.
h3 Bxf3 11. Qxf3 Nbd7 12. Bd2 e5 13. Qd1 Re8 14. b4 h5 15. Ne2 e4 16. Bc2 a5 17. a3 a4 18. Nf4 h4 19. f3 g5 20. Ne2 Qe7 21. Nc3 Qe6 22. fxe4 Nxe4 23. Nxe4 dxe4 24. Bb1 Nf6 25. Ba2 Nd5 26. Qh5 Bh6 27.
Rae1 Kg7 28. Re2 f5 29. Ref2 Rf8 30. Bc1 Rf6 31. Kh1 Raf8 32. Qe2 Kg6 33. Re1 R8f7 34.
Bb2 Bf8 35. Bc1 Be7 36. Bb2 Bd8 37. Bb1 Bc7 38. Bc2 Bb8 39. Bd1 Rh7 40. Qf1 Qd7 41. Rd2 Qc7 42. Qg1 Qg3 43. Rf1 g4 44. hxg4 fxg4 45. Rxf6+ Nxf6 46. Bc2 h3 47. Qf2 hxg2+ 48. Kg1 Rh1# 0-1

[Event "*** Titled Tuesday Blitz"]
[Site "Chess.com"]
[Date "2020.11.10"]
[Round "8"]
[White "misterlamine"]
[Black "Gulkov_Igor"]
[Result "0-1"]
[WhiteElo "2282"]
[BlackElo "2449"]
[TimeControl "180+1"]
[EndTime "11:32:55 PST"]
[Termination "Gulkov_Igor won by resignation"]

1. d4 Nf6 2. c4 e6 3. Nf3 Bb4+ 4. Bd2 Qe7 5. g3 Nc6 6. Bg2 Bxd2+ 7. Nbxd2 d6 8. O-O O-O 9. a3 e5 10. dxe5 dxe5 11.
Qc2 Bg4 12. e3 Rad8 13. Nb1 e4 14. Ng5 Bf5 15. Nc3 Rfe8 16. Rfd1 h6 17. Nh3 Ne5 18. Nf4 Rxd1+ 19. Rxd1 Bg4 20. Rd4 Nf3+ 21. Bxf3 Bxf3 22. Nfd5 Nxd5 23. Nxd5 Qe5 24. Nc3 c6 25. Qd2 Qf5 26. Ne2 g5 27. Rd8 Rxd8 28. Qxd8+ Kh7 29. Nd4 Qh3 30.
Nxf3 exf3 31. Qd3+ Kg7 32. Qf1 Qf5 33. Qd1 Qe4 34.
Qd4+ Qxd4 35. exd4 Kf6 36. Kf1 Kf5 37. b4 Ke4 38. d5 cxd5 39. c5 Kd4 40. Ke1 Kc4 41.
Kd2 d4 42. Kc2 f5 43. Kd2 a5 44. bxa5 Kxc5 45. Kd3 Kd5 46. a4 Kc5 47. h4 g4 48.
h5 Kd5 49. Kd2 Kc4 50. Kc2 f4 51. Kd2 fxg3 52. fxg3 d3 0-1

[Event "*** Titled Tuesday Blitz"]
[Site "Chess.com"]
[Date "2020.11.10"]
[Round "8"]
[White "IMRosen"]
[Black "MaxLeto"]
[Result "1-0"]
[WhiteElo "2560"]
[BlackElo "2414"]
[TimeControl "180+1"]
[EndTime "11:32:59 PST"]
[Termination "IMRosen won on time"]

1. d4 d5 2. Bf4 c5 3. e3 Nc6 4. Nf3 Bg4 5. c3 Qb6 6. Qb3 c4 7. Qc2 e6 8. Nbd2 Nf6 9. e4 Nxe4 10. Nxe4 dxe4 11. Nd2 Bf5 12. Nxc4 Qd8 13. Qa4 Rc8 14.
Ne5 Bd6 15. Nxc6 bxc6 16. Bxd6 Qxd6 17. Qxa7 O-O 18. Qc5 Qxc5 19. dxc5 Rb8 20. O-O-O Rb7 21. b4 Ra8 22. Bc4 Rbb8 23. Rd6 Ra3 24. Kb2 Rba8 25.
Rhd1 g5 26. Rxc6 Kg7 27. Rc7 Kg6 28. Rdd7 Kh5 29. h3 e3 30. g4+ Kh4 31. Rxf7 1-0

[Event "*** Titled Tuesday Blitz"]
[Site "Chess.com"]
[Date "2020.11.10"]
[Round "8"]
[White "Vuk2000"]
[Black "Paralinch"]
[Result "0-1"]
[WhiteElo "2688"]
[BlackElo "2851"]
[TimeControl "180+1"]
[EndTime "11:33:00 PST"]
[Termination "Paralinch won by resignation"]

1. d4 d5 2. Bf4 c5 3. e3 Nc6 4. c3 Nf6 5. Nd2 Bf5 6. Bb5 e6 7.
Ngf3 Nd7 8. Ne5 Ncxe5 9. Bxe5 a6 10. Ba4 b5 11. Bc2 Bxc2 12. Qxc2 Nxe5 13. dxe5 Be7 14. O-O O-O 15. f4 f5 16. exf6 Bxf6 17. Nf3 Qb6 18.
e4 Rad8 19. Rad1 b4 20. e5 Be7 21. c4 Rxf4 22. cxd5 c4+ 23. Kh1 exd5 24. Qe2 Re4 25. Qc2 b3 26. axb3 Qxb3 27. Qxb3 cxb3 28. Rd3 d4 29.
Rxb3 d3 30. Rd1 d2 31. Kg1 Bb4 32. Kf2 a5 33. Rc3 Bxc3 34. bxc3 a4 35. Nxd2 Rxe5 36. c4 a3 0-1

[Event "*** Titled Tuesday Blitz"]
[Site "Chess.com"]
[Date "2020.11.10"]
[Round "8"]
[White "Oleksandr_Bortnyk"]
[Black "Margency"]
[Result "1-0"]
[WhiteElo "2905"]
[BlackElo "2691"]
[TimeControl "180+1"]
[EndTime "11:33:01 PST"]
[Termination "Oleksandr_Bortnyk won by resignation"]

1. e4 c5 2. c3 d5 3. exd5 Qxd5 4. d4 Nc6 5. Be3 Nf6 6. dxc5 Qxd1+ 7. Kxd1 Nd5 8. b4 Nxe3+ 9. fxe3 Bf5 10. Nf3 O-O-O+ 11. Nbd2 e5 12. Bb5 f6 13. Ke2 Be7 14. e4 Bg4 15. h3 Bh5 16. g4 Bf7 17. Bc4 Be8 18.
Be6+ Kc7 19. Nc4 h5 20. Ne3 Bf8 21. g5 h4 22. Nd5+ Kb8 23. gxf6 gxf6 24. Nxf6 Bh6 25. Rhg1 Bf4 26. Rg7 Nxb4 27. cxb4 Bb5+ 28. Kf2 Rh6 29. Bd5 b6 30. Ng4 Rhh8 31. cxb6 axb6 32. a4 Bd3 33. a5 bxa5 34. Rxa5 Rxd5 35. Rxd5 Bxe4 36. Rb5+ Ka8 37. Nfxe5 Rc8 38. Ra5+ Kb8 39. Nd7+ Kc7 40. Nc5+ Kb6 1-0

[Event "*** Titled Tuesday Blitz"]
[Site "Chess.com"]
[Date "2020.11.10"]
[Round "8"]
[White "Quiet_Desperation"]
[Black "Xeniya2005"]
[Result "1-0"]
[WhiteElo "1776"]
[BlackElo "2373"]
[TimeControl "180+1"]
[EndTime "11:33:01 PST"]
[Termination "Quiet_Desperation won by resignation"]

1. e4 e6 2. d4 d5 3. Nc3 Nf6 4. e5 Nfd7 5. f4 c5 6. Nf3 Nc6 7. Be3 a6 8. Be2 b5 9. O-O Qb6 10. Qd2 Bb7 11. Kh1 g6 12. Nd1 cxd4 13. Nxd4 Bc5 14. c3 O-O-O 15. Nf2 Kb8 16. Nd3 Bxd4 17.
cxd4 Rc8 18. b4 Ne7 19. Nc5 Nxc5 20. bxc5 Qc6 21. a4 b4 22. Qxb4 Nf5 23. Bf2 Ka7 24.
Rfb1 Ne7 25. Bb5 Qc7 26. Qb2 Rb8 27. Be1 Bc6 28. Bc3 Rb7 29. Qd2 Nc8 30. Ba5 Qd7 31. Qd3 Ne7 32. Bxa6 Rxb1+ 33. Rxb1 Rb8 34. Bb6+ Ka8 35.
Bb5 Qb7 36. Qc3 Nc8 37. Qa5+ Na7 38. Bxc6 1-0

[Event "*** Titled Tuesday Blitz"]
[Site "Chess.com"]
[Date "2020.11.10"]
[Round "8"]
[White "ShimanovAlex"]
[Black "bazar-wokzal"]
[Result "1-0"]
[WhiteElo "2803"]
[BlackElo "2501"]
[TimeControl "180+1"]
[EndTime "11:33:02 PST"]
[Termination "ShimanovAlex won by resignation"]

1. e4 Nc6 2. Bb5 Nf6 3. d3 e5 4. Nf3 Bc5 5. c3 O-O 6. Bg5 h6 7. Bh4 d6 8. Nbd2 Qe7 9. Qe2 Nd8 10. d4 Bb6 11. dxe5 dxe5 12. Bg3 c6 13. Bc4 Bc7 14. Nh4 Ne6 15. Nf5 Qc5 16. b4 Qb6 17. Ne7+ Kh7 18. Nxc8 Raxc8 19. Bxe6 fxe6 20. Nc4 Qa6 21. a4 Nd7 22.
Rd1 Rf7 23. a5 c5 24. Ne3 cxb4 25. cxb4 Qxe2+ 26. Kxe2 Nf6 27. f3 Nh5 28. Rc1 Nf4+ 29. Bxf4 exf4 30. Ng4 Rd8 31. Rhd1 Rfd7 32. Rxd7 Rxd7 33.
Nf2 Kg6 34. Nd3 Bd6 35. e5 Bb8 36. Rc4 Kh7 37. Rxf4 g5 38. Rc4 Kg6 39. Ke3 h5 40. Rc8 Bc7 41. Rf8 Bd8 42. Nc5 Rd5 43. Ke4 Bc7 44. Rf6+ Kg7 45. Nxe6+ 1-0

[Event "*** Titled Tuesday Blitz"]
[Site "Chess.com"]
[Date "2020.11.10"]
[Round "8"]
[White "Buryshin_Vasyl"]
[Black "Michaelson_11"]
[Result "0-1"]
[WhiteElo "2209"]
[BlackElo "2101"]
[TimeControl "180+1"]
[EndTime "11:33:02 PST"]
[Termination "Michaelson_11 won on time"]

1. b3 Nf6 2. Bb2 g6 3. e3 Bg7 4. f4 O-O 5. Nf3 d6 6. Be2 Nbd7 7.
O-O Re8 8. d3 e5 9. fxe5 dxe5 10. Nbd2 b6 11. e4 Bb7 12. Nc4 Nh5 13. Nfd2 Nf4 14. g3 Nxe2+ 15. Qxe2 Qe7 16. Rf3 f5 17.
Raf1 Qc5+ 18. Kh1 Nf6 19. Qf2 Qxf2 20. R3xf2 Ng4 21. Re2 Rad8 22. Kg1 Bf8 23. exf5 Bc5+ 24. Ne3 Nxe3 25. Rxe3 Bxe3+ 26. Rf2 Bxf2+ 27. Kxf2 gxf5 0-1

[Event "*** Titled Tuesday Blitz"]
[Site "Chess.com"]
[Date "2020.11.10"]
[Round "8"]
[White "GMKrikor"]
[Black "TokChess"]
[Result "1-0"]
[WhiteElo "2778"]
[BlackElo "2449"]
[TimeControl "180+1"]
[EndTime "11:33:03 PST"]
[Termination "GMKrikor won on time"]

1. e4 c5 2. Nf3 e6 3. d4 cxd4 4. Nxd4 a6 5. Bd3 Nf6 6. O-O Qc7 7. Qe2 d6 8. c4 Nbd7 9. Nc3 b6 10. Bd2 Bb7 11.
Kh1 Be7 12. f4 Rd8 13. Rae1 O-O 14. f5 e5 15. Nb3 Nc5 16. Nxc5 dxc5 17. Nd5 Bxd5 18.
exd5 Bd6 19. g4 e4 20. Bc2 e3 21. Bxe3 h6 22. Qg2 Rfe8 23. g5 hxg5 24. Bxg5 Be5 25. Rg1 Nh5 26. Bxd8 Rxd8 27. Qg5 1-0

[Event "*** Titled Tuesday Blitz"]
[Site "Chess.com"]
[Date "2020.11.10"]
[Round "8"]
[White "Witik"]
[Black "IrishMonkey"]
[Result "1-0"]
[WhiteElo "2660"]
[BlackElo "2467"]
[TimeControl "180+1"]
[EndTime "11:33:04 PST"]
[Termination "Witik won by resignation"]

1. b4 e5 2. Bb2 Bxb4 3. Bxe5 Nf6 4. Nf3 O-O 5. e3 d5 6. Be2 c5 7.
O-O Nc6 8. Bb2 Re8 9. d4 c4 10. Ne5 Bd6 11. f4 Qe7 12. Nc3 Bf5 13. g4 Ba3 14. Bxa3 Qxa3 15. Qe1 Bxc2 16. g5 Nxe5 17. gxf6 Nd7 18. fxg7 Be4 19. Bf3 Kxg7 20. Bxe4 dxe4 21. Kh1 Kh8 22. Nb5 Qb2 23. Rb1 Qxa2 24. Nd6 Re7 25. Qh4 f6 26. Nf5 Rf7 27. Rg1 c3 28. Rbc1 Qe6 29. Nh6 Re7 30. Rxc3 a5 31. Rc7 b5 32. f5 Qd5 33. Rc2 b4 34. Rcg2 Qf7 35.
Nxf7+ Rxf7 36. Qh6 Nc5 37. Rg7 1-0

[Event "*** Titled Tuesday Blitz"]
[Site "Chess.com"]
[Date "2020.11.10"]
[Round "8"]
[White "politeplayer"]
[Black "Nikithebest"]
[Result "0-1"]
[WhiteElo "2251"]
[BlackElo "2444"]
[TimeControl "180+1"]
[EndTime "11:33:04 PST"]
[Termination "Nikithebest won by resignation"]

1. e4 c5 2. d4 cxd4 3. c3 Nf6 4. e5 Nd5 5. Nf3 Nc6 6. Bc4 e6 7. O-O d6 8. cxd4 Be7 9. Qe2 O-O 10. Nc3 Nxc3 11.
bxc3 dxe5 12. dxe5 Qc7 13. Rd1 b6 14. Bd3 Bb7 15.
Qe4 g6 16. Bh6 Na5 17. Qf4 Rfd8 18. Ng5 f6 19. Nxe6 Qc6 20. Qg3 Rxd3 21. Rxd3 Qxe6 22. exf6 Bxf6 23. Re3 Qf5 24. Rae1 Nc4 25. Re8+ Rxe8 26. Rxe8+ Kf7 27. Rf8+ Ke6 28. h4 Nd6 29. Rb8 Be5 30. Qe3 Qb1+ 31. Qc1 Qe4 32. f3 Qxh4 33. Bg5 Qh2+ 34.
Kf1 Ba6+ 35. c4 Bxc4+ 36. Kf2 Qg3+ 37. Ke3 Qxg5+ 0-1

[Event "*** Titled Tuesday Blitz"]
[Site "Chess.com"]
[Date "2020.11.10"]
[Round "8"]
[White "MokshanovAlexey"]
[Black "anpospan"]
[Result "1-0"]
[WhiteElo "2619"]
[BlackElo "2435"]
[TimeControl "180+1"]
[EndTime "11:33:05 PST"]
[Termination "MokshanovAlexey won on time"]

1. e4 Nc6 2. d4 e5 3. Nf3 exd4 4. Nxd4 Nf6 5. Nxc6 bxc6 6. e5 Nd5 7. c4 Bb4+ 8.
Bd2 Bxd2+ 9. Qxd2 Qe7 10. cxd5 Qxe5+ 11. Be2 cxd5 12. O-O O-O 13. Bf3 c6 14. Re1 Qf6 15.
Nc3 Ba6 16. b3 g6 17. Rac1 Rfe8 18. Na4 Rxe1+ 19. Qxe1 Bd3 20. Qc3 Qxc3 21. Rxc3 Re8 22. g4 Re1+ 23. Kg2 Bf1+ 24. Kg3 d4 25. Rc2 Bb5 26. Nc5 g5 27. h4 d6 28. Nb7 d5 29.
hxg5 d3 30. Rd2 Rc1 31. a4 Rc2 32. Rd1 Ba6 33. b4 Bc4 34. Nc5 d2 35. Kf4 d4 36. Ne4 1-0

[Event "*** Titled Tuesday Blitz"]
[Site "Chess.com"]
[Date "2020.11.10"]
[Round "8"]
[White "ExtremeLearner"]
[Black "Natalya_Buksa"]
[Result "0-1"]
[WhiteElo "2403"]
[BlackElo "2574"]
[TimeControl "180+1"]
[EndTime "11:33:05 PST"]
[Termination "Natalya_Buksa won by resignation"]

1. d4 d5 2. Nf3 e6 3. g3 Nf6 4.
Bg2 Be7 5. O-O O-O 6. c4 dxc4 7. Qc2 c6 8. Qxc4 b5 9. Qc2 Bb7 10. Rd1 Nbd7 11. Ne5 Nxe5 12. dxe5 Nd7 13. Nc3 Qc8 14. Bf4 g5 15. Be3 Nxe5 16. Ne4 h6 17. Bc5 Qc7 18. Bxe7 Qxe7 19. Qc5 Qxc5 20. Nxc5 Rab8 21. b3 Rfe8 22. Rd6 Ba8 23. Rad1 Kg7 24. e3 h5 25. h3 g4 26.
h4 a5 27. Nd7 Nxd7 28. Rxd7 c5 29. Bxa8 Rxa8 30. Rb7 Reb8 31. Rc7 Rc8 32. Rb7 Rab8 33. Ra7 c4 34. bxc4 bxc4 35. Rdd7 c3 36. Rxf7+ Kg6 37.
Rfc7 c2 38. Rg7+ Kf6 39. Rgf7+ Ke5 40. Ra6 c1=Q+ 0-1

[Event "*** Titled Tuesday Blitz"]
[Site "Chess.com"]
[Date "2020.11.10"]
[Round "8"]
[White "Sacbutt"]
[Black "CzechmVIII"]
[Result "1-0"]
[WhiteElo "2294"]
[BlackElo "2128"]
[TimeControl "180+1"]
[EndTime "11:33:05 PST"]
[Termination "Sacbutt won on time"]

1. e4 c5 2. Nf3 d6 3. d4 cxd4 4. Qxd4 Nc6 5. Bb5 Bd7 6. Bxc6 Bxc6 7. c4 f5 8. exf5 Qa5+ 9. Nc3 Qxf5 10. Nd5 e5 11.
Qd1 Qe4+ 12. Be3 Bxd5 13. cxd5 Nf6 14. O-O Be7 15. Qb3 Qxd5 16. Qc2 O-O 17. Rfd1 Qc6 18. Qb3+ Kh8 19. Ng5 d5 20. Rac1 Qd7 21. Qc3 d4 22. Qb3 Rac8 23. Nf7+ Rxf7 24. Rxc8+ Qxc8 25. Qxf7 Bf8 26. Bg5 Qc2 27. Qb3 Qxb3 28. axb3 Ne4 29. Bd8 Bc5 30. Kf1 h6 31. f3 Nf6 32. Bxf6 gxf6 33. Ke2 Kg7 34. Rc1 b6 35. b4 Bxb4 36. Rc7+ Kg6 37. Rxa7 Bc5 38. Kd3 Kf5 39. Kc4 1-0

[Event "*** Titled Tuesday Blitz"]
[Site "Chess.com"]
[Date "2020.11.10"]
[Round "8"]
[White "DenLaz"]
[Black "TigrVShlyape"]
[Result "1-0"]
[WhiteElo "2771"]
[BlackElo "2852"]
[TimeControl "180+1"]
[EndTime "11:33:06 PST"]
[Termination "DenLaz won by resignation"]

1. d4 d5 2. c4 c6 3. Nf3 Nf6 4. Qc2 g6 5. e3 Bg7 6. Bd3 O-O 7. O-O Bg4 8. Nbd2 e6 9. b3 Bf5 10. Bb2 Bxd3 11. Qxd3 Nbd7 12. Rfd1 Re8 13. a4 a5 14. Qc2 Qb6 15. Ne1 Qa7 16. Nd3 Red8 17. Ba3 Qb8 18. b4 axb4 19. Bxb4 Qc7 20. a5 Bf8 21. Qb2 Bxb4 22.
Qxb4 Ra7 23. Nb3 Rda8 24. Rac1 Ne4 25. f3 Nd6 26. Nb2 Qb8 27. Re1 Ra6 28. e4 b6 29.
cxd5 cxd5 30. exd5 exd5 31. Nd3 bxa5 32. Qxb8+ Rxb8 33. Nbc5 Nxc5 34. dxc5 Nc4 35. Nf4 Rc6 36. Nxd5 Rxc5 37. Nf6+ Kg7 38. Nd7 1-0

[Event "*** Titled Tuesday Blitz"]
[Site "Chess.com"]
[Date "2020.11.10"]
[Round "8"]
[White "stepanosinovsky"]
[Black "xberli"]
[Result "0-1"]
[WhiteElo "2355"]
[BlackElo "2529"]
[TimeControl "180+1"]
[EndTime "11:33:06 PST"]
[Termination "xberli won on time"]

1. e4 c5 2. Nf3 d6 3. d4 cxd4 4. Nxd4 Nf6 5. Nc3 a6 6. Be3 e5 7. Nb3 Be7 8. Qd2 O-O 9. O-O-O a5 10. a4 Nc6 11. Kb1 Be6 12. f4 Nb4 13. f5 Bxb3 14. cxb3 Rc8 15. Bc4 Qd7 16. g4 Nxg4 17. Rhg1 Nxe3 18.
Qxe3 Kh8 19. Qh3 Bf6 20. Nb5 Rc6 21. Qh5 Qe7 22. Rg3 h6 23. Rdg1 Na6 24. Rh3 Kh7 25.
Rg6 Bg5 26. Rxg5 d5 27. Bxd5 Rf6 28. Rg1 Nb4 29. Bc4 Qd7 30. Nc3 Qd2 31. Nd5 Rc6 32. f6 g6 33. Qd1 Qf2 34. Qc1 h5 35. Rf1 Qg2 36. Rg3 Qxe4+ 37. Ka1 Nxd5 0-1